 Dungeon Crawl Stone Soup version 0.31-a0-656-gb4d89c20fa (webtiles) character file.

Game seed: 5084795615992242832

1966 javelincjr the Conjurer (level 9, -6/57 HPs)
             Began as a Demonspawn Conjurer on Aug 30, 2023.
             Was a Follower of Sif Muna.
             Mangled by a troll (16 damage)
             ... on level 7 of the Dungeon.
             The game lasted 00:29:28 (5633 turns).

javelincjr the Conjurer (Demonspawn Conjurer)       Turns: 5633, Time: 00:29:29

Health: -6/57      AC:  7    Str:  9    XL:     9   Next: 0%
Magic:  8/16       EV: 14    Int: 29    God:    Sif Muna [*.....]
Gold:   156        SH:  4    Dex: 17    Spells: 10/18 levels left

rFire   . . .        f - +5 whip (vamp)
rCold   + . .        (no shield)
rNeg    . . .        C - +2 robe {rC+}
rPois   .            (helmet restricted)
rElec   .            (no cloak)
rCorr   .            (no gloves)
SInv    .            j - +2 pair of boots
Will    +....        v - amulet of magic regeneration
Stlth   +++          o - ring of Ycuaps {Will+ Dex+6}
HPRegen 0.29/turn    n - +6 ring of intelligence
MPRegen 0.70/turn

%: no passive effects
@: no status effects
A: horns 1, large bone plates 1, magic regeneration
a: Renounce Religion, Channel Magic


You were on level 7 of the Dungeon.
You worshipped Sif Muna.
Sif Muna was aware of your devotion.
You visited 2 branches of the dungeon, and saw 8 of its levels.
You also visited: Sewer.

You collected 440 gold pieces.
You spent 284 gold pieces at shops.

Inventory:

Hand Weapons
 f - a +5 vampiric whip (weapon)
 F - a +3 flail of draining
Armour
 a - a +0 robe
 j - a +2 pair of boots (worn)
 C - a +2 robe of cold resistance (worn)
Jewellery
 d - an amulet of reflection
 n - a +6 ring of intelligence (right hand)
 o - the ring of Ycuaps (left hand) {Will+ Dex+6}
   (You bought it in a shop on level 3 of the Dungeon)

   [ring of dexterity]

   Dex+6:     It affects your dexterity (+6).
   Will+:     It increases your willpower.
 p - a ring of fire
 v - an amulet of magic regeneration (around neck)
 x - a +4 ring of slaying
Wands
 l - a wand of roots (23)
Scrolls
 c - a scroll of vulnerability
 e - a scroll of silence
 i - a scroll of immolation
 m - a scroll of enchant armour
 q - a scroll of amnesia
 r - 2 scrolls of noise
 s - a scroll of fear {unknown}
 u - a scroll of poison {unknown}
 y - a scroll of teleportation {unknown}
 D - a scroll of blinking
 E - a scroll of revelation
 G - 2 scrolls of identify
Potions
 b - 2 potions of magic
 g - 2 potions of lignification
 h - a potion of brilliance
 k - 6 potions of haste
 t - 2 potions of heal wounds
 w - a potion of might {unknown}
 z - a potion of mutation {unknown}
 A - 2 potions of degeneration {unknown}
 B - a potion of cancellation {unknown}


   Skills:
 + Level 1.0 Maces & Flails
 + Level 5.1 Dodging
 + Level 5.5 Stealth
 + Level 5.2 Spellcasting
 + Level 6.6 Conjurations
 + Level 2.1 Translocations
 + Level 2.0 Fire Magic
 + Level 3.1 Invocations


You had 10 spell levels left.
You knew the following spells:

 Your Spells              Type           Power      Damage    Failure   Level
a - Magic Dart            Conj           100%       1d8       1%          1
b - Searing Ray           Conj           92%        2d7       1%          2
c - Summon Small Mammal   Summ           28%        N/A       6%          1
d - Scorch                Fire           38%        2d6       4%          2
e - Blink                 Tloc           40%        N/A       3%          2

Your spell library contained the following spells:

 Spells                   Type           Power      Damage    Failure   Level
 Apportation              Tloc           40%        N/A       2%          1
 Dazzling Flash           Conj/Hex       52%        N/A       4%          3
 Necrotise                Necr           28%        1d5       6%          1
 Cigotuvi's Dreadful Rot  Necr/Pois/Air  14%        N/A       10%         2
 Flame Wave               Conj/Fire      32%        2d9       10%         4
 Iskenderun's Mystic Bla  Conj/Tloc      33%        2d8       10%         4
 Ignite Poison            Fire/Tmut/Pois 11%        N/A       14%         3
 Fulminant Prism          Conj/Hex       13%        3d8       16%         4
 Manifold Assault         Tloc           20%        N/A       26%         4
 Animate Dead             Necr           7%         N/A       52%         4
 Freezing Cloud           Conj/Ice/Air   10%        6-21      56%         5
 Conjure Ball Lightning   Conj/Air       13%        3x3d6     94%         6
 Summon Cactus Giant      Summ           3%         N/A       100%        6
 Haunt                    Necr/Summ      3%         N/A       100%        7
 Discord                  Hex            3%         N/A       100%        8
 Disjunction              Tloc           10%        N/A       100%        8
 Infestation              Necr           3%         N/A       100%        8


Dungeon Overview and Level Annotations

Branches:
Dungeon (7/15)             Temple (1/1) D:4           Sewer (visited)

Altars:
Ashenzari
Fedhas
Gozag
Hepliaklqana
Nemelex Xobeh
Okawaru
Ru
Sif Muna
Trog
Uskayaw
Vehumet
Wu Jian
Xom
Lugonu

Shops:
D:2 =   D:3 ****   D:6 ?


Innate Abilities, Weirdness & Mutations

You have a pair of small horns on your head.
You are partially covered in large bone plates. (SH +4)
You regenerate magic rapidly.


Message History

Press: ? - help, Shift-Dir - straight line, f/p - troll
Aim: a troll (moderately wounded, 82% to hit)
The searing ray hits the troll!
The troll is heavily wounded.
The searing ray hits the iguana.
The iguana is severely wounded. (Press . to maintain the ray.)
You block the troll's attack. The troll barely misses you. The troll claws you.
The searing ray hits the troll.
The troll is severely wounded.
The searing ray hits the iguana.
The iguana is severely wounded.
The troll barely misses you. The troll claws you! The troll claws you.
The searing ray hits the troll.
The troll is severely wounded.
The searing ray hits the iguana!
You kill the iguana!
Sif Muna accepts your kill. The troll closely misses you. The troll claws you.
The troll claws you!
* * * LOW HITPOINT WARNING * * *
You have reached level 9!
Your experience leads to an increase in your attributes!
Your base attributes are Str 9, Int 21, Dex 11.
Increase (S)trength, (I)ntelligence, or (D)exterity?
You feel clever. x2
Casting: Searing Ray (safe; 1% risk of failure)
Confirm with . or Enter, or press ? or * to list all spells.
Restarting spell: Searing Ray (safe; 1% risk of failure)
Press: ? - help, Shift-Dir - straight line, f/p - troll
Aim: a troll (severely wounded, 82% to hit)
The searing ray hits the troll but does no damage.
The troll is severely wounded. (Press . to maintain the ray.)
The troll misses you. The troll claws you.
* * * LOW HITPOINT WARNING * * *
The troll misses you.
The searing ray hits the troll!
The troll is almost dead.
The troll bites you!
You die...

# #.....#
# #.....#
# #.....#
# #.##..#
# #.###.##
###
#......#
...#
######.#
....#
#.##.....#
#.@T.#
#.##.# #..
.. ### ..#
... .. >


You could see a troll.

Vanquished Creatures
  Sigmund (D:4)
  Edmund (D:6)
  A water moccasin (D:7)
  Pargi (Sewer)
  2 black bears
  2 sky beasts (D:7)
  An ogre (D:7)
  A phantom (D:4)
  A kobold brigand (D:7)
  A bullfrog (D:6)
  A gnoll sergeant (D:6)
  A scorpion (D:5)
  6 hounds
  A jelly (D:5)
  2 orc priests
  2 orc wizards (D:6)
  Natasha (thrice) (D:3)
  2 iguanas
  5 adders
  7 gnolls (D:6)
  A river rat (D:5)
  2 shadow imps
  2 white imps
  3 dart slugs
  15 orcs
  3 bats
  6 endoplasms
  2 giant cockroaches
  7 goblins
  5 hobgoblins
  12 kobolds
  2 quokkas
  11 ball pythons
  12 frilled lizards
  3 rats
128 creatures vanquished.

Notes
Turn   | Place    | Note
-------+----------+-------------------------------------------
     0 | D:1      | javelincjr the Demonspawn Conjurer began the quest for the
                  | Orb.
     0 | D:1      | Reached XP level 1. HP: 13/13 MP: 3/3
   201 | D:1      | Gained mutation: You have a pair of small horns on your
                  | head. [demonic ancestry]
   201 | D:1      | Reached XP level 2. HP: 19/19 MP: 0/5
   347 | D:1      | Learned a level 2 spell: Searing Ray
   461 | D:1      | Learned a level 1 spell: Summon Small Mammal
  1029 | D:2      | Reached XP level 3. HP: 23/24 MP: 3/6
  1458 | D:2      | Found Pecza's Jewellery Boutique.
  1486 | D:2      | Found a hazy altar of Hepliaklqana.
  1751 | D:3      | Noticed Natasha
  1758 | D:3      | Killed Natasha
  1759 | D:3      | Gained mutation: You regenerate magic rapidly. [demonic
                  | ancestry]
  1759 | D:3      | Reached XP level 4. HP: 29/30 MP: 6/8
  1792 | D:3      | Found Noum's General Store.
  1983 | D:3      | Noticed Natasha
  1987 | D:3      | Killed Natasha
  2024 | D:3      | Found Pinungu's Assorted Antiques.
  2039 | D:3      | Bought a pitted glass ring for 120 gold pieces
  2039 | D:3      | Identified the ring of Ycuaps {Will+ Dex+6} (You bought it
                  | in a shop on level 3 of the Dungeon)
  2077 | D:3      | Learned a level 2 spell: Scorch
  2106 | D:3      | Found Qoxigy's Assorted Antiques.
  2237 | D:3      | Found Wecylef's General Store.
  2334 | D:3      | Reached XP level 5. HP: 35/35 MP: 5/9
  2626 | D:3      | Noticed Natasha
  2632 | D:3      | Killed Natasha
  2690 | D:3      | Found a broken altar of Ashenzari.
  3146 | D:4      | Found a staircase to the Ecumenical Temple.
  3161 | D:4      | Reached skill level 5 in Conjurations
  3161 | D:4      | Gained mutation: You are partially covered in large bone
                  | plates. (SH +4) [demonic ancestry]
  3161 | D:4      | Reached XP level 6. HP: 38/41 MP: 9/11
  3173 | Temple   | Entered the Ecumenical Temple
  3239 | D:4      | Found a sparkling altar of Nemelex Xobeh.
  3303 | D:4      | Noticed Sigmund
  3317 | D:4      | Killed Sigmund
  3325 | D:4      | Reached XP level 7. HP: 28/46 MP: 7/12
  3514 | D:5      | Entered Level 5 of the Dungeon
  3514 | D:5      | Found a shimmering blue altar of Sif Muna.
  3534 | D:5      | Became a worshipper of Sif Muna the Loreminder
  3588 | D:5      | Found a blossoming altar of Fedhas.
  3764 | D:5      | Found an opulent altar of Gozag.
  3819 | D:5      | Found a glowing drain.
  3847 | Sewer    | Entered a sewer
  3868 | Sewer    | Noticed Pargi
  3878 | Sewer    | Killed Pargi
  4109 | D:5      | Reached skill level 6 in Conjurations
  4159 | D:5      | Reached * piety under Sif Muna
  4659 | D:5      | Learned a level 2 spell: Blink
  4693 | D:6      | Reached XP level 8. HP: 52/52 MP: 10/14
  4764 | D:6      | Reached skill level 1 in Invocations
  4772 | D:6      | Reached skill level 5 in Stealth
  4782 | D:6      | Reached skill level 1 in Translocations
  4782 | D:6      | Reached skill level 1 in Fire Magic
  4880 | D:6      | Found Xoasie's Magic Scroll Shop.
  4900 | D:6      | Bought a scroll of blinking for 82 gold pieces
  4900 | D:6      | Bought a scroll of enchant weapon for 82 gold pieces
  4979 | D:6      | Noticed Edmund
  4993 | D:6      | Killed Edmund
  5141 | D:6      | Found a hazy altar of Hepliaklqana.
  5422 | D:7      | Reached skill level 5 in Spellcasting
  5482 | D:7      | Reached skill level 5 in Dodging
  5576 | D:7      | Reached skill level 1 in Maces & Flails
  5622 | D:7      | Noticed a troll
  5632 | D:7      | Reached XP level 9. HP: 14/57 MP: 10/16
  5633 | D:7      | Mangled by a troll

Illustrated notes

Levels and vault maps discovered:
D:1:      dpeg_arrival_houses_and_road, layout_basic, minmay_cut_off
D:2:      layout_basic, basic_altar, serial_shops, shop,
          chequers_serial_rivers_large_a, roderic_cross_of_infinity,
          grunt_ministairs_1
D:3:      layout_rooms, nicolae_ashenzari_skybound, serial_co_window_serial,
          co_window_paths_a, co_window_paths_a, co_window_of_opportunity_a,
          co_window_cross_1, co_window_paths_b, co_window_of_opportunity_c,
          co_window_cross_2, co_window_of_opportunity_c, co_window_corner_ca,
          co_window_cross_2, co_window_of_opportunity_b, co_window_paths_e,
          glass_columns_a, serial_shops, nicolae_shop_tiny_statue_garden, shop,
          shop_fountains, shop, uniq_natasha
D:4:      layout_gridville, lemuel_round_altar, minmay_temple_entry_grid,
          uniq_sigmund
D:5:      layout_loops_corners, mainiacjoe_overflow_concentric_impassable,
          mainiacjoe_overflow_catwalk, mainiacjoe_overflow_small_starburst,
          portal_sewer_entry_a
D:6:      layout_rooms, nicolae_hepliaklqana_hippocampus, serial_shops, shop,
          uniq_edmund
D:7:      layout_basic, general_overflow_altar, minitemple
Temple:   corrupted_temple

Skill      XL: |  1  2  3  4  5  6  7  8 |
---------------+-------------------------+-----
Stealth        | 2 3 4 5 |  5.5
Dodging        | 2 3 4 5 |  5.1
Spellcasting   | 3 4 5 |  5.2
Conjurations   | 5 6 |  6.6
Invocations    | 3 |  3.1
Translocations | 2 |  2.1
Fire Magic     | 2 |  2.0
Maces & Flails | 1 |  1.0

Action                     |  1- 3 |  4- 6 |  7- 9 || total
---------------------------+-------+-------+-------++-------
  Melee: Whip              |    11 |    59 |    50 ||   120
         Headbutt          |     2 |     5 |     9 ||    16
         Punch             |       |       |     1 ||     1
   Cast: Magic Dart        |    61 |    31 |    70 ||   162
         Searing Ray       |       |     6 |    25 ||    31
         Summon Small Mamm |       |     4 |       ||     4
         Scorch            |       |     1 |    10 ||    11
    Use: Scroll            |       |       |    14 ||    14
   Stab: Sleeping          |     1 |     1 |     3 ||     5
 Armour: Robe              |     2 |    12 |    17 ||    31
  Dodge: Dodged            |    14 |    21 |    56 ||    91
  Block: Other             |     1 |     7 |    17 ||    25

Table legend: (Time is in decaauts)
 A = Elapsed time spent in this place.
 B = Non-inter-level travel time spent in this place.
 C = Inter-level travel time spent in this place.
 D = Time resting spent in this place.
 E = Time spent auto-exploring this place.
 F = Levels seen in this place.
 G = Mean time per level.
                   A        B        C        D        E       F      G
               +--------+--------+--------+--------+--------+-----+--------+
         Total |   5694 |   5528 |    166 |     84 |   4231 |   9 |  632.7 |
       Dungeon |   5414 |   5268 |    146 |     84 |   4061 |   7 |  773.4 |
        Temple |     35 |     15 |     20 |      0 |      0 |   1 |   35.0 |
         Sewer |    244 |    244 |      0 |      0 |    170 |   1 |  244.0 |
               +--------+--------+--------+--------+--------+-----+--------+

Top non-repeatable levels by time:
     D:3: 1037 daAuts
     D:5: 971 daAuts
     D:1: 950 daAuts
     D:2: 792 daAuts
     D:6: 730 daAuts
     D:4: 713 daAuts
   Sewer: 244 daAuts
     D:7: 219 daAuts
  Temple: 35 daAuts
